[Event "Team 45 45 League T33"]
[Site "Internet Chess Club"]
[Date "2007.04.29"]
[Round "2"]
[White "vrahimov"]
[Black "kingfischer57"]
[Result "0-1"]
[WhiteElo "1567"]
[BlackElo "1803"]
[ECO "C11"]
[TimeControl "2700+45"]

1. e4 e6 2. d4 d5 3. Nc3 Nf6 4. e5 Nfd7 5. f4 c5 6. Nf3 cxd4 7. Nxd4 Nc6 8. Be3
Nxd4 9. Bxd4 Nc5 10. Be2 Be7 11. O-O O-O 12. Kh1 b6 13. Rf3 Ba6 14. Bxc5 Bxe2
15. Qxe2 Bxc5 16. Rd1 f5 17. exf6 Rxf6 18. Ne4 Rh6 19. Ng5 Qf6 20. c4 Rd8 21.
cxd5 exd5 22. Qd3 Qe7 23. Rh3 Rxh3 24. gxh3 g6 25. Nf3 Qe3 26. Qxe3 Bxe3 27. Nd4
Kf7 28. Nc6 Rd6 29. Nxa7 Bxf4 30. Nb5 Rd7 31. h4 Be5 32. Nd4 Bxd4 33. Rxd4 Ke6
34. Kg2 Ke5 35. Rb4 Rd6 36. Kf3 d4 37. Ke2 Ke4 38. Rb5 h5 39. a4 Rc6 40. Kd1 d3
41. b4 Ke3 42. Re5+ Kd4 43. Rb5 Kc3 44. a5 Rf6 {White resigns} 0-1

[Event "Team 45 45 League T33"]
[Site "Internet Chess Club"]
[Date "2007.05.02"]
[Round "2"]
[White "crankn8tr"]
[Black "superbeast"]
[Result "0-1"]
[WhiteElo "1585"]
[BlackElo "1653"]
[ECO "B33"]
[TimeControl "2700+45"]

1. e4 c5 2. Nf3 Nc6 3. d4 cxd4 4. Nxd4 Nf6 5. Nc3 e5 6. Ndb5 d6 7. Bg5 a6 8. Na3
b5 9. Nd5 Be7 10. Bxf6 Bxf6 11. c3 O-O 12. Be2 Bg5 13. O-O Ne7 14. f4 Nxd5 15.
Qxd5 Bxf4 16. Nc2 Qb6+ 17. Kh1 Bb7 18. Qd3 d5 19. exd5 Rad8 20. Bf3 Qh6 21. h3
Qg5 22. Rad1 Qg3 23. Kg1 Qh2+ 24. Kf2 f5 25. Rh1 Qg3+ 26. Kg1 e4 27. Bxe4 fxe4
{White resigns} 0-1

[Event "Team 45 45 League T33"]
[Site "Internet Chess Club"]
[Date "2007.05.01"]
[Round "2"]
[White "Razorbackchess"]
[Black "chsrules88"]
[Result "1/2-1/2"]
[WhiteElo "1883"]
[BlackElo "2091"]
[ECO "A20"]
[TimeControl "2700+45"]

1. c4 e5 2. g3 Nc6 3. Bg2 Bc5 4. Nc3 Nf6 5. e3 d6 6. Nge2 O-O 7. O-O Bf5 8. a3
a5 9. d4 Ba7 10. d5 Ne7 11. e4 Bg4 12. h3 Bh5 13. Kh2 Bd4 14. Qc2 Bxc3 15. Nxc3
Nd7 16. Be3 Bg6 17. f4 f5 18. Qe2 fxe4 19. Nxe4 Bxe4 20. Bxe4 Nf5 21. Bxf5 Rxf5
22. b4 exf4 23. gxf4 Qf6 24. Rac1 axb4 25. axb4 Re8 26. Qd3 Qb2+ 27. Rf2 Qf6 28.
Bd4 Rxf4 29. Bxf6 Rxf2+ 30. Kg3 Rxf6 31. Rf1 Ne5 32. Qd1 Rg6+ 33. Kh2 Nxc4 34.
Qd3 Ne5 35. Qc2 Rf8 36. Rxf8+ Kxf8 37. Qf5+ Ke7 38. h4 h6 39. Qc8 Nf3+ 40. Kh3
Ng1+ 41. Kh2 Nf3+ 42. Kh3 Ng1+ 43. Kh2 Nf3+ 44. Kh3 Ng1+ 45. Kh2 Nf3+ 46. Kh3
Ng1+ 47. Kh2 Nf3+ 48. Kh3 Ng1+ 49. Kh2 Nf3+ 50. Kh3 Ng1+ 51. Kh2 Nf3+ 52. Kh3
Ng1+ 53. Kh2 Nf3+ 54. Kh3 Ng1+ 55. Kh2 Nf3+ 56. Kh3 Ng1+ 57. Kh2 Nf3+ 58. Kh3
Ng1+ 59. Kh2 Nf3+ 60. Kh3 Ng1+ 61. Kh2 Nf3+ 62. Kh3 Ng1+ 63. Kh2 Nf3+ 64. Kh3
Ng1+ 65. Kh2 Nf3+ 66. Kh3 Ng1+ 67. Kh2 Nf3+ 68. Kh3 Ng1+ 69. Kh2 Nf3+ 70. Kh3
Ng1+ 71. Kh2 Nf3+ 72. Kh3 Ng1+ 73. Kh2 Nf3+ 74. Kh3 Ng1+ 75. Kh2 Nf3+ 76. Kh3
Ng1+ 77. Kh2 Nf3+ 78. Kh3 Ng1+ 79. Kh2 Nf3+ 80. Kh3 Ng1+ 81. Kh2 Nf3+ 82. Kh3
Ng1+ 83. Kh2 Nf3+ 84. Kh3 Ng1+ 85. Kh2 Nf3+ 86. Kh3 Ng1+ 87. Kh2 Nf3+ 88. Kh3
Ng1+ 89. Kh2 Nf3+ 90. Kh3 Ng1+ 91. Kh2 Nf3+ 92. Kh3 Ng1+ 93. Kh2 Nf3+ 94. Kh3
Ng1+ 95. Kh2 Nf3+ 96. Kh3 Ng1+ 97. Kh2 Nf3+ 98. Kh3 Ng1+ 99. Kh2 Nf3+ 100. Kh3
Ng1+ 101. Kh2 Nf3+ 102. Kh3 Ng1+ 103. Kh2 Nf3+ 104. Kh3 Ng1+ 105. Kh2 Nf3+ 106.
Kh3 Ng1+ 107. Kh2 Nf3+ 108. Kh3 Ng1+ 109. Kh2 Nf3+ 110. Kh3 Ng1+ 111. Kh2 Nf3+
112. Kh3 Ng1+ 113. Kh2 Nf3+ 114. Kh3 Ng1+ 115. Kh2 Nf3+ 116. Kh3 Ng1+ 117. Kh2
Nf3+ 118. Kh3 Ng1+ 119. Kh2 Nf3+ 120. Kh3 Ng1+ 121. Kh2 Nf3+ 122. Kh3 Ng1+ 123.
Kh2 Nf3+ 124. Kh3 Ng1+ 125. Kh2 Nf3+ 126. Kh3 Ng1+ 127. Kh2 Nf3+ 128. Kh3 Ng1+
129. Kh2 Nf3+ 130. Kh3 Ng1+ 131. Kh2 Nf3+ 132. Kh3 Ng1+ 133. Kh2 Nf3+ 134. Kh3
Ng1+ 135. Kh2 Nf3+ 136. Kh3 Ng1+ 137. Kh2 Nf3+ {Game drawn by repetition}
1/2-1/2

[Event "Team 45 45 League T33"]
[Site "Internet Chess Club"]
[Date "2007.04.28"]
[Round "2"]
[White "aksuw"]
[Black "rubo"]
[Result "1-0"]
[WhiteElo "2018"]
[BlackElo "1798"]
[ECO "B10"]
[TimeControl "2700+45"]

1. e4 c6 2. Nf3 d5 3. exd5 cxd5 4. Ne5 Qd6 5. d4 Nc6 6. Bb5 Nf6 7. c4 e6 8. Nc3
Bd7 9. O-O Be7 10. Bf4 Qb4 11. cxd5 exd5 12. Nxd7 Nxd7 13. Nxd5 Qa5 14. Bxc6
bxc6 15. Nc7+ Kf8 16. Nxa8 Bd8 17. Bd6+ Kg8 18. Re1 Nf6 19. Qb3 h6 20. Re5 Qa6
21. Nc7 Qb6 22. Qxb6 axb6 23. Ne8 Kh7 24. Nxf6+ Bxf6 25. Re4 Rd8 26. Be5 Bxe5
27. dxe5 Rd2 28. Rb1 c5 29. Kf1 b5 30. e6 fxe6 31. Rxe6 Kg8 32. Rb6 b4 33. a3
bxa3 34. bxa3 c4 35. Rc1 Rd3 36. Rxc4 Rxa3 37. g3 Ra7 38. Rc8+ Kf7 39. h4 Re7
40. Rbc6 Rd7 41. R8c7 {Black resigns} 1-0

[Event "Team 45 45 League T33"]
[Site "Internet Chess Club"]
[Date "2007.04.30"]
[Round "2"]
[White "Changuito-77"]
[Black "steve"]
[Result "1-0"]
[WhiteElo "1827"]
[BlackElo "1973"]
[ECO "D05"]
[TimeControl "2700+45"]

1. d4 d5 2. Nf3 Nf6 3. e3 e6 4. Bd3 Bd6 5. O-O O-O 6. b3 Re8 7. Bb2 Nbd7 8. Ne5
c5 9. f4 Nf8 10. Qf3 N6d7 11. Nd2 a6 12. Rad1 f5 13. g4 Nf6 14. gxf5 exf5 15.
Qg3 Ne4 16. Nxe4 fxe4 17. Be2 Bf5 18. dxc5 Bxe5 19. Bxe5 Ng6 20. Rxd5 Qc8 21.
Bxg7 Kxg7 22. h4 Kh8 23. Qg5 Rf8 24. Kf2 Qe6 25. Rfd1 Qf6 26. Qxf6+ Rxf6 27. h5
Ne7 28. Rd6 Kg7 29. Rg1+ Kf7 30. Bc4+ Be6 31. Rxe6 Rxe6 32. h6 Rg8 33. Rxg8 Nxg8
34. f5 Nxh6 35. fxe6+ Kf6 36. Bd5 Ng4+ 37. Ke2 Ke5 38. Bxb7 h5 39. e7 Nf6 40.
Bc6 h4 41. e8=Q+ Nxe8 42. Bxe8 h3 43. Kf2 Kd5 44. c6 {Black resigns} 1-0

[Event "Team 45 45 League T33"]
[Site "Internet Chess Club"]
[Date "2007.04.28"]
[Round "2"]
[White "PaulKaspar"]
[Black "Electryon"]
[Result "1-0"]
[WhiteElo "1893"]
[BlackElo "1695"]
[ECO "C01"]
[TimeControl "2700+45"]

1. e4 e6 2. d4 d5 3. exd5 exd5 4. Nf3 Bd6 5. Bb5+ c6 6. Be2 Ne7 7. O-O O-O 8.
Re1 Bf5 9. Bd3 Nd7 10. c3 Re8 11. Rxe7 Qxe7 12. Bxf5 Nf8 13. Bg5 Qe2 14. Qxe2
Rxe2 15. Nbd2 Ree8 16. Be3 Re7 17. h3 Rae8 18. Kf1 Ne6 19. Bxe6 Rxe6 20. Re1 f6
21. b3 a5 22. c4 dxc4 23. bxc4 Bb4 24. a4 Kf7 25. Rd1 Rd8 26. Nb3 b6 27. Bd2
Bxd2 28. Rxd2 Re4 29. c5 Rb8 30. Re2 Rxe2 31. Kxe2 b5 32. Nxa5 bxa4 33. Nc4 Ra8
34. Na3 Ke6 35. Kd3 Kd5 36. Nd2 Rb8 37. Nac4 Rb4 38. Nb6+ Ke6 39. Kc3 a3 40.
Kxb4 a2 41. Nb3 Ke7 42. Ka3 a1=Q+ 43. Nxa1 f5 44. d5 cxd5 45. Nxd5+ Kd7 46. Ne3
f4 47. Nc4 Kc6 48. Kb4 g5 49. Nb3 h5 50. Kc3 g4 51. hxg4 hxg4 52. Kd4 g3 53.
fxg3 fxg3 54. Ke3 Kd5 55. Kf3 {Black resigns} 1-0

[Event "Team 45 45 League T33"]
[Site "Internet Chess Club"]
[Date "2007.04.29"]
[Round "2"]
[White "DeepHmm"]
[Black "jonesey"]
[Result "1-0"]
[WhiteElo "2202"]
[BlackElo "1976"]
[ECO "A57"]
[TimeControl "2700+45"]

1. d4 Nf6 2. c4 c5 3. d5 b5 4. Nd2 Qa5 5. Qc2 bxc4 6. e4 Ba6 7. Nf3 d6 8. Bxc4
Bxc4 9. Qxc4 g6 10. O-O Nbd7 11. Qe2 Bg7 12. Nc4 Qc7 13. Bd2 O-O 14. Bc3 Nb6 15.
b3 Nxc4 16. bxc4 Nd7 17. Rac1 Rab8 18. h4 Bxc3 19. Rxc3 Rb4 20. a3 Ra4 21. Qe3
Rb8 22. Qh6 Qa5 23. Ng5 Nf8 24. Rf3 f6 25. Nxh7 Rxa3 26. Nxf8 Rxf8 27. Qxg6+ Kh8
28. Rf5 {Black resigns} 1-0

[Event "Team 45 45 League T33"]
[Site "Internet Chess Club"]
[Date "2007.04.30"]
[Round "2"]
[White "MiroslavR"]
[Black "achessman"]
[Result "1/2-1/2"]
[WhiteElo "1981"]
[BlackElo "2095"]
[ECO "D11"]
[TimeControl "2700+45"]

1. d4 d5 2. c4 c6 3. Nf3 e6 4. e3 Nf6 5. Nbd2 Nbd7 6. b3 Bb4 7. Bb2 O-O 8. Bd3
Ne4 9. a3 Bxd2+ 10. Nxd2 f5 11. O-O g5 12. Bxe4 fxe4 13. f3 exf3 14. Nxf3 g4 15.
Ne5 Rxf1+ 16. Qxf1 Nxe5 17. dxe5 Qg5 18. Qf4 Qxf4 19. exf4 Bd7 20. c5 {Game
drawn by mutual agreement} 1/2-1/2

[Event "Team 45 45 League T33"]
[Site "Internet Chess Club"]
[Date "2007.04.29"]
[Round "2"]
[White "Andre"]
[Black "Bort"]
[Result "0-1"]
[WhiteElo "1863"]
[BlackElo "2036"]
[ECO "D87"]
[TimeControl "2700+45"]

1. d4 Nf6 2. c4 g6 3. Nc3 d5 4. cxd5 Nxd5 5. e4 Nxc3 6. bxc3 Bg7 7. Bc4 c5 8.
Be3 Nc6 9. Ne2 O-O 10. O-O Qc7 11. Qc2 Na5 12. Bb3 c4 13. Ba4 a6 14. Qb2 b5 15.
Bc2 Rb8 16. Rfd1 e5 17. dxe5 Bxe5 18. f4 Bd6 19. e5 Bc5 20. Nd4 b4 21. Rab1 Bg4
22. Re1 Rfd8 23. h3 Bd7 24. Rbd1 bxc3 25. Qa1 Rb2 26. Be4 Ba4 27. Qc1 Bxd1 28.
Qxc3 Rxa2 29. Rxd1 Ra3 {White resigns} 0-1

[Event "Team 45 45 League T33"]
[Site "Internet Chess Club"]
[Date "2007.05.04"]
[Round "2"]
[White "spirit87"]
[Black "tourettes"]
[Result "1-0"]
[WhiteElo "2022"]
[BlackElo "1830"]
[ECO "C16"]
[TimeControl "2700+45"]

1. e4 e6 2. d4 d5 3. Nc3 Bb4 4. e5 Ne7 5. Qg4 Ng6 6. h4 h5 7. Qg3 Nc6 8. Be3 Bd7
9. Bd3 Nce7 10. Ne2 Nf5 11. Bxf5 exf5 12. O-O-O Be6 13. Bg5 Be7 14. Nf4 Bxg5 15.
hxg5 h4 16. Nxg6 fxg6 17. Rxh4 Rf8 18. Ne2 Qe7 19. Nf4 Qf7 20. Qa3 O-O-O 21.
Qxa7 Qe7 22. Nxe6 Qxe6 23. f4 c6 24. Rd3 Kc7 25. Rh7 Qe7 26. Rb3 Rb8 27. Qb6+
Kd7 28. Qxb7+ {Black resigns} 1-0

[Event "Team 45 45 League T33"]
[Site "Internet Chess Club"]
[Date "2007.05.01"]
[Round "2"]
[White "BaroneRosso"]
[Black "ChessAddict"]
[Result "1-0"]
[WhiteElo "2051"]
[BlackElo "2131"]
[ECO "E90"]
[TimeControl "2700+45"]

1. d4 Nf6 2. c4 g6 3. Nc3 Bg7 4. e4 d6 5. Nf3 O-O 6. h3 e5 7. d5 Na6 8. Bg5 h6
9. Be3 Nc5 10. Nd2 a5 11. Be2 Bd7 12. O-O Nh7 13. Nb3 Nxb3 14. axb3 f5 15. exf5
gxf5 16. f4 exf4 17. Bxf4 b6 18. Qd2 Ng5 19. Bd3 Qf6 20. Rae1 Rae8 21. Rxe8 Rxe8
22. Re1 Qd4+ 23. Kf1 Rxe1+ 24. Kxe1 Nf7 25. Qe3 Qxe3+ 26. Bxe3 Ne5 27. Bc2 Kf7
28. Ne2 Ng6 29. Bd4 Bxd4 30. Nxd4 Kf6 31. Kf2 Ne5 32. Ke3 a4 33. Bd3 axb3 34.
Nxb3 f4+ 35. Ke2 f3+ 36. gxf3 Bxh3 37. Nd4 Bf1+ 38. Kxf1 Nxd3 39. b3 Ke5 40. Nb5
Nc5 41. Nxc7 Nxb3 42. Ke2 Nd4+ 43. Ke3 Nf5+ 44. Kf2 Kd4 45. Na8 Kxc4 46. Nxb6+
Kc5 47. Nd7+ Kxd5 48. Nf6+ Kc4 49. f4 d5 50. Kf3 d4 51. Kg4 {Black forfeits on
time} 1-0

[Event "Team 45 45 League T33"]
[Site "Internet Chess Club"]
[Date "2007.04.27"]
[Round "2"]
[White "blackcatdillac"]
[Black "camembert"]
[Result "0-1"]
[WhiteElo "1784"]
[BlackElo "1918"]
[ECO "C80"]
[TimeControl "2700+45"]

1. e4 e5 2. Nf3 Nc6 3. Bb5 a6 4. Ba4 Nf6 5. O-O Nxe4 6. d4 b5 7. Bb3 d5 8. Nxe5
Nxe5 9. dxe5 c6 10. Be3 Be7 11. Nd2 Nc5 12. c3 Nd3 13. Qc2 Nxe5 14. Bd4 f6 15.
Rae1 Qc7 16. f4 Ng6 17. Bc5 O-O 18. Bxe7 Nxe7 19. Qd3 Bf5 20. Rxe7 Qxe7 21. Qxf5
Qe3+ 22. Rf2 Rae8 23. Nf1 Qb6 24. Bc2 g6 25. Qd3 Re4 26. Qg3 Re2 27. Bxg6 Qxf2+
28. Qxf2 Rxf2 29. Bxh7+ Kxh7 30. Kxf2 Rd8 31. Ke3 c5 32. Nd2 Kg6 33. Nf3 a5 34.
a3 Re8+ 35. Kd3 Re4 36. g3 Kf5 37. h3 b4 38. axb4 axb4 39. cxb4 Rxb4 40. Nh4+
Ke6 41. Kc2 Re4 42. Kd2 Rd4+ 43. Kc2 c4 44. f5+ Kd6 45. g4 Rd3 46. Ng6 Rxh3 47.
Nf8 d4 48. Ne6 Rh2+ 49. Kc1 Ke5 50. Nc5 Kf4 51. Ne6+ Ke3 {White resigns} 0-1

[Event "Team 45 45 League T33"]
[Site "Internet Chess Club"]
[Date "2007.04.29"]
[Round "2"]
[White "A-Ru"]
[Black "bahus"]
[Result "1-0"]
[WhiteElo "1946"]
[BlackElo "1944"]
[ECO "D05"]
[TimeControl "2700+45"]

1. d4 Nf6 2. Nf3 d5 3. e3 e6 4. Bd3 c5 5. b3 Nc6 6. O-O Bd6 7. Bb2 O-O 8. Ne5
Qc7 9. f4 cxd4 10. exd4 Nb4 11. Ba3 Nxd3 12. Bxd6 Qxd6 13. Qxd3 Ne4 14. Nd2 f5
15. Rf3 Bd7 16. Rh3 Rac8 17. c4 Nxd2 18. c5 Qe7 19. Qxd2 b6 20. b4 Bb5 21. Qd1
Rf6 22. Rc1 bxc5 23. Rxc5 Rxc5 24. bxc5 g6 25. Qe1 Rf8 26. Qa5 Bc4 27. Nc6 Qb7
28. Nb4 Rb8 29. a3 Rc8 30. Re3 Kf7 31. Re1 Qc7 32. Qxc7+ Rxc7 33. Rb1 h6 34. Kf2
Rb7 35. Rb2 g5 36. g3 Ke8 37. Nd3 Rxb2+ 38. Nxb2 Ba6 39. Ke3 Kd7 40. Kd2 Kc6 41.
Nd3 Kb5 42. Ne5 Ka4 43. Nf7 gxf4 44. gxf4 h5 45. Nd6 Ka5 46. h4 Bf1 47. Ne8 Ka4
48. Ng7 Kxa3 49. Nxh5 a5 50. Kc3 a4 51. Ng3 Bb5 52. h5 Be8 53. h6 Bg6 54. c6
{Black resigns} 1-0

[Event "Team 45 45 League T33"]
[Site "Internet Chess Club"]
[Date "2007.04.29"]
[Round "2"]
[White "Boromir"]
[Black "corsair"]
[Result "0-1"]
[WhiteElo "1915"]
[BlackElo "1808"]
[ECO "C24"]
[TimeControl "2700+45"]

1. e4 e5 2. Bc4 Nf6 3. d4 exd4 4. Nf3 d5 5. exd5 Bb4+ 6. c3 Qe7+ 7. Be2 dxc3 8.
bxc3 Bc5 9. O-O O-O 10. c4 Re8 11. Nc3 Bd7 12. Bb2 Na6 13. a3 c6 14. Re1 Ng4 15.
Rf1 Rad8 16. Qc2 cxd5 17. cxd5 Nc7 18. Bd3 Nf6 19. Rae1 Qd6 20. Ne4 Nxe4 21.
Bxe4 h6 22. Bh7+ Kh8 23. Be5 Qb6 24. Rb1 Qa5 25. Be4 Nxd5 26. Qb2 f6 27. Bxd5
fxe5 28. Qxb7 Re7 29. Nh4 Bf5 30. Qb3 Bxb1 31. Rxb1 Bxf2+ 32. Kxf2 Qd2+ 33. Kg3
Rxd5 34. Ng6+ Kh7 35. Nf8+ Kg8 36. Rd1 Qxd1 {White resigns} 0-1

[Event "Team 45 45 League T33"]
[Site "Internet Chess Club"]
[Date "2007.04.29"]
[Round "2"]
[White "rippedmonkey"]
[Black "MrShaw"]
[Result "0-1"]
[WhiteElo "1774"]
[BlackElo "1850"]
[ECO "A16"]
[TimeControl "2700+45"]

1. c4 Nf6 2. Nc3 g6 3. g3 Bg7 4. Bg2 O-O 5. d3 d6 6. Bd2 e5 7. Qc1 Nc6 8. Bh6
Re8 9. Bxg7 Kxg7 10. e3 Nb4 11. Qd2 Bf5 12. e4 Bd7 13. a3 Nc6 14. b4 Nd4 15.
Nge2 Nb3 {White resigns} 0-1

[Event "Team 45 45 League T33"]
[Site "Internet Chess Club"]
[Date "2007.04.29"]
[Round "2"]
[White "pokerram"]
[Black "ElmerHo"]
[Result "1/2-1/2"]
[WhiteElo "1772"]
[BlackElo "1678"]
[ECO "C67"]
[TimeControl "2700+45"]

1. e4 e5 2. Nf3 Nc6 3. Bb5 Nf6 4. O-O Nxe4 5. Re1 Nd6 6. Bxc6 dxc6 7. Nxe5 Be7
8. d4 O-O 9. Nc3 Be6 10. b3 Nf5 11. Nf3 Qd7 12. Ne2 c5 13. dxc5 Qxd1 14. Rxd1
Bxc5 15. Nf4 Rad8 16. Bb2 Rxd1+ 17. Rxd1 Ne3 18. Rd2 Bf5 19. c3 Ng4 20. Nd4 Re8
21. Rd1 Bxd4 22. cxd4 c6 23. h3 Nf6 24. Kf1 Be4 25. f3 Bd5 26. Re1 {Game drawn
by mutual agreement} 1/2-1/2

[Event "Team 45 45 League T33"]
[Site "Internet Chess Club"]
[Date "2007.04.29"]
[Round "2"]
[White "AntonioMendonca"]
[Black "Duguesclin"]
[Result "0-1"]
[WhiteElo "1580"]
[BlackElo "1656"]
[ECO "A38"]
[TimeControl "2700+45"]

1. c4 c5 2. Nc3 Nc6 3. g3 Nf6 4. Bg2 g6 5. Nf3 Bg7 6. O-O O-O 7. d3 d6 8. a3 e5
9. Rb1 Rb8 10. Ne1 Nd4 11. Bg5 Ne6 12. Bd2 Nc7 13. Nc2 b6 14. Ne3 Bb7 15. b4
Bxg2 16. Kxg2 cxb4 17. axb4 d5 18. Ncxd5 Ncxd5 19. Nxd5 Nxd5 20. cxd5 Qxd5+ 21.
Kg1 e4 22. dxe4 Qxe4 23. f3 Qf5 24. Kg2 Rbd8 25. Qc1 Rc8 26. Qa3 Rc2 27. Qe3 Qb5
28. Rbc1 Rxc1 29. Bxc1 Re8 30. Qf4 Rxe2+ 31. Rf2 Be5 32. Qh4 Qd3 33. Bh6 Rxf2+
34. Kxf2 Bd4+ 35. Kg2 Qe2+ 36. Kh3 Qf1+ 37. Kg4 f5+ 38. Kg5 Qc1+ 39. f4 Qc6 40.
Bg7 Bxg7 {White resigns} 0-1

[Event "Team 45 45 League T33"]
[Site "Internet Chess Club"]
[Date "2007.04.26"]
[Round "2"]
[White "kostasgr"]
[Black "Thestorm"]
[Result "0-1"]
[WhiteElo "2108"]
[BlackElo "2150"]
[ECO "B25"]
[TimeControl "2700+45"]

1. e4 c5 2. Nc3 d6 3. g3 Nc6 4. Bg2 g6 5. d3 Bg7 6. f4 e6 7. Nf3 Nge7 8. Be3 Nd4
9. O-O O-O 10. Qd2 Rb8 11. e5 Nef5 12. Bf2 dxe5 13. Nxe5 f6 14. Nc4 b5 15. Ne3
Bb7 16. Ne4 Bxe4 17. Bxe4 Nxe3 18. Bxe3 Qd6 19. Qf2 Rbc8 20. Rfd1 Nf5 21. Bd2
Ne7 22. Rab1 a5 23. Kh1 a4 24. b3 axb3 25. axb3 b4 26. Ra1 f5 27. Bf3 Bxa1 28.
Rxa1 Nd5 29. d4 c4 30. Ra5 c3 31. Be1 Ra8 32. Rc5 Ra1 33. Kg2 Rc1 34. Kh3 Ra8
35. Qe2 Ra2 36. Bxd5 exd5 37. Qe8+ Kg7 38. Bf2 Rcxc2 39. Bg1 Rc1 40. Rc6 Re2 41.
Qc8 Qf8 42. Qa6 Qe7 43. Qb6 Qe4 44. Rc7+ Kh6 45. Qxb4 Qg2+ 46. Kh4 Qxh2+ {White
resigns} 0-1

[Event "Team 45 45 League T33"]
[Site "Internet Chess Club"]
[Date "2007.04.28"]
[Round "2"]
[White "ETwoEFour"]
[Black "Fegary"]
[Result "0-1"]
[WhiteElo "1954"]
[BlackElo "1801"]
[ECO "C55"]
[TimeControl "2700+45"]

1. e4 e5 2. Nf3 Nc6 3. Bc4 Nf6 4. d4 exd4 5. e5 d5 6. Bb5 Ne4 7. Nxd4 Bd7 8.
Bxc6 bxc6 9. O-O Bc5 10. Be3 O-O 11. f3 Ng5 12. f4 Ne4 13. Nd2 Nxd2 14. Qxd2 f6
15. Nb3 Bb6 16. Qc3 fxe5 17. fxe5 Rxf1+ 18. Rxf1 Qe7 19. Bc5 Rf8 20. Rxf8+ Qxf8
21. Bxb6 cxb6 22. e6 Bxe6 23. Qxc6 Qc8 24. Qxc8+ Bxc8 25. Nd4 Bd7 26. Kf2 Kf7
27. Ke3 Kf6 28. Nf3 Bf5 29. Kd4 Be4 30. Ne1 Kf5 31. g3 h5 32. h3 g5 33. Ke3 g4
34. h4 Ke5 35. c3 b5 36. Nd3+ Bxd3 37. Kxd3 Ke6 38. Kd4 Kd6 39. b3 Ke6 40. c4
dxc4 41. bxc4 bxc4 42. Kxc4 Ke5 43. Kd3 Kd5 44. Ke3 Ke5 45. a3 a6 46. Kd3 a5 47.
a4 Kd5 48. Kd2 Kd4 49. Ke2 Ke4 50. Kf2 Kd3 51. Kg1 Ke2 52. Kg2 Ke3 53. Kg1 Kf3
{White resigns} 0-1

[Event "Team 45 45 League T33"]
[Site "Internet Chess Club"]
[Date "2007.04.28"]
[Round "2"]
[White "joshtournman"]
[Black "chesskix"]
[Result "1-0"]
[WhiteElo "1573"]
[BlackElo "1553"]
[ECO "C41"]
[TimeControl "2700+45"]

1. e4 e5 2. Nf3 d6 3. d4 Nd7 4. dxe5 dxe5 5. Bc4 Be7 6. O-O c6 7. Re1 h6 8. Nc3
Qc7 9. Be3 Bf6 10. Qe2 Ne7 11. Rad1 Ng6 12. h3 O-O 13. g3 Nb6 14. Bxb6 Qxb6 15.
Bb3 Bxh3 16. Qe3 Bg4 17. Qxb6 axb6 18. Rd3 b5 19. Nh2 Be6 20. Bxe6 fxe6 21. Rd7
Rab8 22. Ng4 h5 23. Nxf6+ Rxf6 24. Red1 h4 25. Rc7 Rbf8 26. Rdd7 R6f7 27. Rxb7
Rxd7 28. Rxd7 hxg3 29. fxg3 Rf3 30. Kg2 Rf6 31. Rc7 Nf8 32. Rxc6 b4 33. Nb5 Nh7
34. Rc4 b3 35. cxb3 Ng5 36. a4 Nf3 37. Rc1 Nd2 38. a5 Nxb3 39. Rc8+ Kh7 40. a6
Rf7 41. Nc7 Nd2 42. a7 Nxe4 43. a8=Q Rf2+ 44. Kg1 Re2 45. Rh8+ Kg6 46. Qe8+ Kg5
47. Qh5+ {Black resigns} 1-0